 Dungeon Crawl Stone Soup version 0.28-a0-563-gf77a47075d (webtiles) character file.

Game seed: 17292636538087927410

444 tilp the Conjurer (level 6, 26/26 HPs)
             Began as a Felid Hedge Wizard on Sept 30, 2021.
             Was a Follower of Fedhas.
             Quit the game on level 6 of the Dungeon.
             The game lasted 00:11:27 (7685 turns).

tilp the Conjurer (Felid Hedge Wizard)              Turns: 7685, Time: 00:11:27

Health: 26/26      AC:  2    Str:  6    XL:     6   Next: 72%
Magic:  13/13      EV: 18    Int: 24    God:    Fedhas [*.....]
Gold:   198        SH:  0    Dex: 15    Spells: 6/13 levels left
                                        Lives:  1   Deaths: 1

rFire   . . .      SeeInvis +     - Unarmed
rCold   . . .      Faith    .   (shield unavailable)
rNeg    . . .      Spirit   .   (armour unavailable)
rPois   .          Reflect  .   (helmet unavailable)
rElec   .          Harm     .   (cloak unavailable)
rCorr   .          Rampage  .   (gloves unavailable)
Will    .....                   (boots unavailable)
Stlth   +++.......              g - amulet of the acrobat
HPRegen 0.08/turn               e - +4 ring of slaying
MPRegen 0.13/turn               f - +6 ring of intelligence

@: quick
A: very small, claws 1, fangs 3, see invisible, speed 1, shaggy fur 2, stealthy
paws, no weapons or thrown items, no armour, multi-lived
a: Renounce Religion


You were on level 6 of the Dungeon.
You worshipped Fedhas.
Fedhas was aware of your devotion.
You visited 1 branch of the dungeon, and saw 6 of its levels.

You collected 198 gold pieces.

Inventory:

Jewellery
 a - a ring of positive energy
 e - a +4 ring of slaying (left paw)
 f - a +6 ring of intelligence (right paw)
 g - an amulet of the acrobat (around neck)
 i - a ring of magical power
Scrolls
 k - a scroll of immolation
Potions
 b - 2 potions of mutation
 c - 6 potions of attraction
 d - 3 potions of curing
 h - 2 potions of might {unknown}
 l - a potion of berserk rage {unknown}


   Skills:
 - Level 2.0 Fighting
 - Level 4.0 Dodging
 - Level 4.0 Stealth
 - Level 4.0 Unarmed Combat
 - Level 4.0 Spellcasting
 - Level 4.0 Conjurations
 - Level 2.0 Hexes
 - Level 2.0 Summonings
 - Level 2.0 Translocations
 + Level 2.6 Invocations


You had 6 spell levels left.
You knew the following spells:

 Your Spells              Type           Power      Damage    Failure   Level
a - Magic Dart            Conj           96%        1d7       1%          1
b - Call Imp              Summ           14%        N/A       6%          2
c - Blink                 Tloc           N/A        N/A       6%          2
d - Slow                  Hex            14%        N/A       6%          2

Your spell library contained the following spells:

 Spells                   Type           Power      Damage    Failure   Level
 Apportation              Tloc           28%        N/A       4%          1
 Summon Small Mammal      Summ           56%        N/A       4%          1
 Animate Skeleton         Necr           8%         N/A       10%         1
 Conjure Flame            Conj/Fire      14%        6-21      13%         3
 Mephitic Cloud           Conj/Pois/Air  11%        N/A       17%         3


Dungeon Overview and Level Annotations

Branches:
Dungeon (6/15)
 Temple: D:4-7

Altars:
Fedhas

Annotations:
D:3 Grinder
D:5 exclusions: black bear, ice beast and ogre, Prince Ribbit


Innate Abilities, Weirdness & Mutations

You have sharp claws.
You have razor-sharp teeth.
You have supernaturally acute eyesight. (SInv)
You cover ground quickly. (Speed+)
You are covered in thick fur. (AC +2)
Your paws help you pounce on unaware monsters.
You are incapable of wielding weapons or throwing items.
You cannot wear armour.
You gain extra lives every three experience levels.


Message History

Aim: an orc priest, wielding a +0 club and wearing a +0 scale mail (moderately wounded, 100% to hit)
The magic dart hits the orc priest.
The orc priest is heavily wounded.
Unknown command.
You see here a +0 dagger.
An orc comes into view. It is wielding a +0 dagger.
There is a stone staircase leading up, spattered with blood here.
Casting: Magic Dart (safe; 1% risk of failure)
Confirm with . or Enter, or press ? or * to list all spells.
Aiming: Magic Dart (safe; 1% risk of failure)
Press: ? - help, Shift-Dir - straight line, f/p - orc priest
Aim: an orc priest, wielding a +0 club and wearing a +0 scale mail (heavily wounded, 100% to hit)
The magic dart hits the orc priest but does no damage.
The orc priest is heavily wounded.
Unknown command.
Casting: Magic Dart (safe; 1% risk of failure)
Confirm with . or Enter, or press ? or * to list all spells.
Aiming: Magic Dart (safe; 1% risk of failure)
Press: ? - help, Shift-Dir - straight line, f/p - orc priest
Aim: an orc priest, wielding a +0 club and wearing a +0 scale mail (heavily wounded, 100% to hit)
The magic dart hits the orc priest.
The orc priest is almost dead.
The orc priest calls down the wrath of Beogh upon you.
Pain shoots through your body!
* * * LOW HITPOINT WARNING * * *
Casting: Magic Dart (safe; 1% risk of failure)
Confirm with . or Enter, or press ? or * to list all spells.
Aiming: Magic Dart (safe; 1% risk of failure)
Press: ? - help, Shift-Dir - straight line, f/p - orc priest
Aim: an orc priest, wielding a +0 club and wearing a +0 scale mail (almost dead, 100% to hit)
The magic dart hits the orc priest but does no damage.
The orc priest is almost dead.
The orc priest mumbles some strange prayers to Beogh against you.
Beogh smites you!
You die...
You are now level 6!
You rejoin the land of the living...
Found a quarterstaff.
Unknown command.
Are you sure you want to abandon this character and quit the game? (Confirm with "yes".)

.... .# ⌠.. .##
... ... # .. ..
.. ##.##)##...
. #........##
....##.........
.......@.#
..##.#...#
##.## #.. ##.
.. .. .##


There were no monsters in sight!

Vanquished Creatures
  Menkaure (D:4)
  A sky beast (D:5)
  A bullfrog (D:6)
  A centaur zombie (D:6)
  A hound (D:5)
  A gnoll shaman (D:6)
  A jelly (D:5)
  A bullfrog skeleton (D:5)
  An iguana (D:5)
  Natasha (thrice) (D:2)
  An orc wizard (D:5)
  2 hound skeletons (D:4)
  4 gnolls
  6 adders
  An adder skeleton (D:4)
  A worm (D:2)
  4 dart slugs (D:1)
  2 orcs (D:5)
  4 ball pythons
  5 bats
  6 endoplasms
  4 giant cockroaches
  9 goblins
  7 hobgoblins
  4 jackals (D:3)
  A quokka (D:3)
  A frilled lizard (D:1)
  8 kobolds
  3 rats (D:1)
85 creatures vanquished.

Vanquished Creatures (collateral kills)
  A water moccasin (D:5)
  An orc (D:5)
2 creatures vanquished.

Vanquished Creatures (others)
  3 fungi (D:3)
3 creatures vanquished.

Grand Total: 90 creatures vanquished

Notes
Turn   | Place    | Note
-------+----------+-------------------------------------------
     0 | D:1      | tilp the Felid Hedge Wizard began the quest for the Orb.
     0 | D:1      | Reached XP level 1. HP: 7/7 MP: 5/5
     1 | D:1      | Noticed an electric eel
    29 | D:1      | Reached skill level 1 in Conjurations
   337 | D:1      | Reached XP level 2. HP: 4/11 MP: 0/7
   993 | D:1      | Reached XP level 3. HP: 14/14 MP: 1/8
  1066 | D:1      | Learned a level 2 spell: Call Imp
  1069 | D:1      | Learned a level 2 spell: Blink
  1072 | D:1      | Learned a level 2 spell: Slow
  1522 | D:1      | Found a faded altar of an unknown god.
  2206 | D:2      | Noticed Natasha
  2212 | D:2      | Killed Natasha
  2213 | D:2      | Reached XP level 4. HP: 11/18 MP: 2/9
  2597 | D:2      | Noticed Natasha
  2601 | D:2      | Killed Natasha
  2643 | D:2      | Noticed Natasha
  2656 | D:2      | Killed Natasha
  2657 | D:2      | Reached skill level 1 in Hexes
  2764 | D:2      | Reached XP level 5. HP: 21/21 MP: 6/10
  3163 | D:3      | Found a blossoming altar of Fedhas.
  3402 | D:3      | Became a worshipper of Fedhas Madash
  3543 | D:3      | Noticed Grinder
  3747 | D:3      | Paralysed by Grinder for 5 turns
  4157 | D:4      | Noticed Menkaure
  4676 | D:4      | Killed Menkaure
  4677 | D:4      | Gained mutation: You are covered in thick fur. (AC +2)
                  | [Felid growth]
  4677 | D:4      | Reached XP level 6. HP: 15/25 MP: 0/13
  4884 | D:4      | Identified the +2 leather armour of the Spheres {rC+
                  | Regen+}
  5106 | D:5      | Entered Level 5 of the Dungeon
  5199 | D:5      | Noticed a water moccasin
  5511 | D:5      | Noticed a sky beast
  5530 | D:5      | Killed a sky beast
  5531 | D:5      | Reached skill level 1 in Fighting
  5652 | D:5      | Killed a water moccasin
  5653 | D:5      | Reached XP level 7. HP: 29/29 MP: 3/14
  6565 | D:5      | Noticed Prince Ribbit
  7362 | D:6      | Reached skill level 1 in Invocations
  7603 | D:6      | Reached * piety under Fedhas
  7684 | D:6      | Killed from afar by an orc priest
  7685 | D:6      | Reached XP level 6. HP: -5/26 MP: 8/13
  7685 | D:6      | Quit the game

Illustrated notes

Levels and vault maps discovered:
D:1:      arrival_aquarium_a, layout_rooms, shapermc_ecumenical_altar_hornbeckon
D:2:      layout_loops_ring, uniq_natasha
D:3:      layout_basic, fedhas_altar_3, serial_park_tiny_pond, uniq_grinder
D:4:      layout_rooms, kennysheep_generic_room_3, uniq_menkaure
D:5:      layout_layer_cave, uniq_prince_ribbit1
D:6:      layout_cave_pools, nicolae_uskayaw_en_pointe, dk_xom_monty_hall,
          minmay_temple_entry_large_hall, serial_shops, nicolae_shop_waterfront

Skill      XL: |  1  2  3  4  5  6  7 |
---------------+----------------------+-----
Conjurations   | 1 2 3 4 |  4.0
Hexes          | 1 2 |  2.0
Translocations | 2 |  2.0
Summonings     | 2 |  2.0
Spellcasting   | 4 |  4.0
Unarmed Combat | 2 4 |  4.0
Dodging        | 3 4 |  4.0
Stealth        | 4 |  4.0
Fighting       | 1 2 |  2.0
Invocations    | 2 |  2.6

Action                   |  1- 3 |  4- 6 |  7- 9 || total
-------------------------+-------+-------+-------++-------
Melee: Unarmed           |     5 |    13 |    23 ||    41
       Bite              |     2 |     2 |     1 ||     5
 Cast: Magic Dart        |   115 |   132 |    54 ||   301
       Slow              |       |    10 |     9 ||    19
       Blink             |       |     1 |       ||     1
       Call Imp          |       |     2 |     5 ||     7
  Use: Scroll            |     1 |     6 |     2 ||     9
 Stab: Sleeping          |       |       |     1 ||     1
Armor: Skin              |       |     1 |     5 ||     6
Dodge: Dodged            |    11 |    31 |    37 ||    79

Table legend: (Time is in decaauts)
 A = Elapsed time spent in this place.
 B = Non-inter-level travel time spent in this place.
 C = Inter-level travel time spent in this place.
 D = Time resting spent in this place.
 E = Time spent auto-exploring this place.
 F = Levels seen in this place.
 G = Mean time per level.
                   A        B        C        D        E       F      G
               +--------+--------+--------+--------+--------+-----+--------+
         Total |   6913 |   6506 |    407 |   1911 |   3707 |   6 | 1152.2 |
       Dungeon |   6913 |   6506 |    407 |   1911 |   3707 |   6 | 1152.2 |
               +--------+--------+--------+--------+--------+-----+--------+

Top non-repeatable levels by time:
     D:5: 2096 daAuts
     D:1: 1680 daAuts
     D:2: 1214 daAuts
     D:3: 985 daAuts
     D:4: 790 daAuts
     D:6: 145 daAuts
